 Dungeon Crawl Stone Soup version 0.31-a0-174-g85c54bcb58 (webtiles) character file.

Game seed: 14624310396371814121

351 qw the Shooter (level 6, -1/57 HPs)
             Began as a Naga Hunter on June 15, 2023.
             Slain by an ogre
             ... wielding a +0 giant club
              (33 damage)
             ... on level 4 of the Dungeon.
             The game lasted 00:02:01 (2946 turns).

qw the Shooter (Naga Hunter)                        Turns: 2946, Time: 00:02:01

Health: -1/57      AC:  5    Str: 13    XL:     6   Next: 61%
Magic:  6/6        EV:  9    Int: 10    God:
Gold:   53         SH:  5    Dex: 16    Spells: 5/5 levels left

rFire   . . .        Y - +0 shortbow
rCold   . . .        (shield currently unavailable)
rNeg    . . .        c - +0 leather armour
rPois   +            (no helmet)
rElec   .            (no cloak)
rCorr   .            b - +1 pair of gloves
SInv    +            (no barding)
Will    .....        d - amulet of reflection
Stlth   ++           (no ring)
HPRegen 0.29/turn    (no ring)
MPRegen 0.10/turn

%: reflection, clarity
@: very slow
A: AC +2, large, see invisible, deformed body, poison resistance, slowness 2,
spit poison 1, naga tail 1, stinger 1, clarity
a: Spit Poison


You were on level 4 of the Dungeon.
You visited 1 branch of the dungeon, and saw 4 of its levels.
You also visited: Sewer.

You collected 145 gold pieces.
You spent 92 gold pieces at shops.


Innate Abilities, Weirdness & Mutations

Your serpentine skin is tough. (AC +2)
You have supernaturally acute eyesight. (SInv)
Armour fits poorly on your strangely shaped body.
Your system is resistant to poisons. (rPois)
You cover ground very slowly.
You can spit poison.
You have a snake-like lower body.
Your tail ends in a venomous barb.
You possess an exceptional clarity of mind.


   Skills:
 - Level 4.1 Fighting
 + Level 6.1 Ranged Weapons
 - Level 1.5 Dodging
 - Level 1.5 Stealth


You had 5 spell levels left.
You didn't know any spells.
Your spell library was empty.

Inventory:

Hand Weapons
 Y - a +0 shortbow (weapon)
Armour
 b - a +1 pair of gloves (worn)
 c - a +0 leather armour (worn)
Jewellery
 d - an amulet of reflection (around neck)
Scrolls
 a - a scroll of identify
Potions
 e - a potion of might
 f - a potion of cancellation
 g - a potion of berserk rage {unknown}
 h - 2 potions of heal wounds
 j - a potion of curing {unknown}
 k - 3 potions of degeneration {unknown}
 l - a potion of mutation
 m - a potion of ambrosia {unknown}

Dungeon Overview and Level Annotations

Branches:
Dungeon (4/15)              Sewer (visited)
 Temple: D:4-7

Altars:

Shops:
D:2 *

Annotations:
D:3 3 runed translucent doors, qw's ghost, amateur GrHu


Message History

A hound, an ogre and an orc come into view.
Found a notched silver ring.
Found a stone staircase leading down.
2939 ||| INVOKING Spit Poison.
Aiming: Spit Poison (1% risk of failure)
Press: ? - help, Shift-Dir - straight line, f - hound The splash of poison hits the hound.
The hound is lightly wounded.
The hound barks!
You hear the slow hiss of a very distant avalanche of sand.
The ogre shouts!
The orc shouts!
You shoot an arrow. The arrow barely misses the hound.
The hound misses you. The hound bites you.
You shoot an arrow. The arrow hits the hound.
The hound is heavily wounded.
The hound bites you. The ogre closely misses you.
The orc hits you with a +0 club.
You shoot an arrow. The arrow barely misses the hound.
The hound bites you. The hound barely misses you.
The orc hits you with a +0 club.
You shoot an arrow. The arrow hits the hound.
The hound is severely wounded.
You have got your breath back.
The hound barely misses you. The ogre barely misses you.
You block the hound's attack. The orc misses you.
2944 ||| INVOKING Spit Poison.
Aiming: Spit Poison (1% risk of failure)
Press: ? - help, Shift-Dir - straight line, f/p - hound The splash of poison hits the hound!
The hound is poisoned.
You kill the hound!
The ogre hits you with a +0 giant club! The orc hits you with a +0 club.
Your Fighting skill increases to level 4!
2945 ||| DRINKING 3 potions of heal wounds.
You feel much better. The orc barely misses you.
You shoot an arrow. The arrow hits the ogre.
The ogre is lightly wounded.
You have got your breath back.
The ogre hits you with a +0 giant club!!
Ouch! That really hurt!
You die...

######
######.....
#.......#
#=...@..#
#.>.%Oo.#
#.......#
#.......#
#........
########..
#.. ...


You could see an ogre and an orc.

Vanquished Creatures
  2 bullfrogs (Sewer)
  A hound (D:4)
  8 adders
  5 river rats (Sewer)
  An ufetubus (D:4)
  A worm (D:4)
  2 dart slugs (D:2)
  4 endoplasms
  2 giant cockroaches (D:2)
  3 goblins
  2 hobgoblins (D:1)
  2 kobolds
  2 quokkas
  15 ball pythons
  3 bats
  2 frilled lizards
  33 rats
88 creatures vanquished.

Notes
Turn   | Place    | Note
-------+----------+-------------------------------------------
     0 | D:1      | qw the Naga Hunter began the quest for the Orb.
     0 | D:1      | Reached XP level 1. HP: 19/19 MP: 1/1
     0 | D:1      | 0 ||| qw: Version: 0.2-a-29-g511e9b1
     0 | D:1      | 0 ||| qw: Game counter: 5369
     0 | D:1      | 0 ||| qw: Always use a shield: true
     0 | D:1      | 0 ||| qw: God list: Okawaru
     0 | D:1      | 0 ||| qw: Allow faded altars: false
     0 | D:1      | 0 ||| qw: Do Orc after D:15 true
     0 | D:1      | 0 ||| qw: Do second Lair branch before Depths: true
     0 | D:1      | 0 ||| qw: Lair rune preference: random
     0 | D:1      | 0 ||| qw: Plans: Normal
     0 | D:1      | 0 ||| PLANNING D:1-11
   127 | D:1      | 127 ||| INVOKING Spit Poison.
   133 | D:1      | 133 ||| INVOKING Spit Poison.
   137 | D:1      | 137 ||| INVOKING Spit Poison.
   166 | D:1      | 166 ||| INVOKING Spit Poison.
   226 | D:1      | 226 ||| INVOKING Spit Poison.
   231 | D:1      | 231 ||| INVOKING Spit Poison.
   273 | D:1      | 273 ||| INVOKING Spit Poison.
   322 | D:1      | Reached skill level 4 in Ranged Weapons
   322 | D:1      | Reached XP level 2. HP: 26/26 MP: 2/2
   388 | D:1      | 388 ||| INVOKING Spit Poison.
   415 | D:1      | 415 ||| INVOKING Spit Poison.
   421 | D:1      | 421 ||| INVOKING Spit Poison.
   457 | D:1      | 457 ||| INVOKING Spit Poison.
   613 | D:1      | Found a faded altar of an unknown god.
   702 | D:1      | 702 ||| READING 2 scrolls labelled UNGEEFOTARPH.
   703 | D:1      | 703 ||| READING scroll labelled HESMAT ANIOFAZ.
   704 | D:1      | 704 ||| DRINKING 2 bubbling sapphire potions.
   705 | D:1      | 705 ||| DROPPING scroll of butterflies.
   770 | D:2      | 770 ||| INVOKING Spit Poison.
   777 | D:2      | 777 ||| INVOKING Spit Poison.
   792 | D:2      | 792 ||| INVOKING Spit Poison.
   799 | D:2      | 799 ||| INVOKING Spit Poison.
   803 | D:2      | 803 ||| INVOKING Spit Poison.
   804 | D:2      | Reached XP level 3. HP: 32/32 MP: 3/3
   807 | D:2      | 807 ||| INVOKING Spit Poison.
   819 | D:2      | 819 ||| INVOKING Spit Poison.
   886 | D:2      | 886 ||| INVOKING Spit Poison.
   902 | D:2      | 902 ||| INVOKING Spit Poison.
   942 | D:2      | Found Ulihale's Assorted Antiques.
   946 | D:2      | 946 ||| INVOKING Spit Poison.
   957 | D:2      | 957 ||| BUYING lumpy coppery potion (14 gold).
   957 | D:2      | Bought a lumpy coppery potion for 14 gold pieces
   957 | D:2      | 957 ||| BUYING red potion (14 gold).
   957 | D:2      | Bought a red potion for 14 gold pieces
   957 | D:2      | 957 ||| BUYING scroll labelled SIOBIUBB WOIME (16 gold).
   957 | D:2      | Bought a scroll labelled SIOBIUBB WOIME for 16 gold pieces
   957 | D:2      | 957 ||| BUYING scroll labelled VUGIOP POXAS (16 gold).
   957 | D:2      | Bought a scroll labelled VUGIOP POXAS for 16 gold pieces
   957 | D:2      | 957 ||| BUYING scroll of identify (32 gold).
   957 | D:2      | Bought a scroll of identify for 32 gold pieces
   957 | D:2      | 957 ||| SHOPLISTING thin amethyst amulet (80 gold, have
                  | 22).
   957 | D:2      | 957 ||| SHOPLISTING twisted leather armour (112 gold, have
                  | 22).
  1046 | D:2      | 1046 ||| INVOKING Spit Poison.
  1113 | D:2      | 1113 ||| DROPPING ring of wizardry.
  1114 | D:2      | 1114 ||| READING scroll labelled GADEEM LO NOS.
  1115 | D:2      | 1115 ||| READING scroll labelled XAORGH DUJUSM.
  1116 | D:2      | 1116 ||| READING scroll labelled SIOBIUBB WOIME.
  1121 | D:2      | 1121 ||| READING scroll labelled VUGIOP POXAS.
  1122 | D:2      | 1122 ||| DRINKING 2 fizzy pink potions.
  1123 | D:2      | 1123 ||| DRINKING 2 fuming inky potions.
  1124 | D:2      | 1124 ||| READING 2 scrolls of identify.
  1124 | D:2      | 1124 ||| IDENTIFYING brown potion
  1125 | D:2      | 1125 ||| DROPPING potion of enlightenment.
  1126 | D:2      | 1126 ||| DROPPING potion of attraction.
  1134 | D:3      | 1134 ||| PLANNING SEWER
  1143 | D:3      | 1143 ||| INVOKING Spit Poison.
  1191 | D:3      | 1191 ||| INVOKING Spit Poison.
  1246 | D:3      | 1246 ||| INVOKING Spit Poison.
  1389 | D:3      | 1389 ||| INVOKING Spit Poison.
  1483 | D:3      | 1483 ||| INVOKING Spit Poison.
  1485 | D:3      | Reached skill level 5 in Ranged Weapons
  1565 | D:3      | Found a glowing drain.
  1566 | D:3      | 1566 ||| UPGRADING to +0 pair of gloves.
  1571 | D:3      | 1571 ||| UPGRADING to amulet of reflection.
  1576 | D:3      | 1576 ||| DROPPING amulet of the acrobat.
  1577 | D:3      | 1577 ||| DRINKING 2 lumpy coppery potions.
  1577 | D:3      | Gained mutation: Your tail ends in a venomous barb. [potion
                  | of mutation]
  1577 | D:3      | Gained mutation: You possess an exceptional clarity of
                  | mind. [potion of mutation]
  1578 | D:3      | 1578 ||| READING 2 scrolls of identify.
  1578 | D:3      | 1578 ||| IDENTIFYING fizzy inky potion
  1579 | D:3      | 1579 ||| DROPPING potion of lignification.
  1583 | Sewer    | Entered a sewer
  1599 | Sewer    | Reached XP level 4. HP: 39/39 MP: 4/4
  1602 | Sewer    | 1602 ||| INVOKING Spit Poison.
  1606 | Sewer    | 1606 ||| INVOKING Spit Poison.
  1615 | Sewer    | 1615 ||| INVOKING Spit Poison.
  1621 | Sewer    | 1621 ||| INVOKING Spit Poison.
  1634 | Sewer    | Reached skill level 3 in Fighting
  1655 | Sewer    | 1655 ||| INVOKING Spit Poison.
  1683 | Sewer    | 1683 ||| INVOKING Spit Poison.
  1686 | Sewer    | Reached XP level 5. HP: 49/49 MP: 5/5
  1690 | Sewer    | 1690 ||| INVOKING Spit Poison.
  1696 | Sewer    | 1696 ||| INVOKING Spit Poison.
  1700 | Sewer    | 1700 ||| INVOKING Spit Poison.
  1705 | Sewer    | 1705 ||| INVOKING Spit Poison.
  1711 | Sewer    | 1711 ||| INVOKING Spit Poison.
  1716 | Sewer    | 1716 ||| INVOKING Spit Poison.
  1757 | Sewer    | 1757 ||| INVOKING Spit Poison.
  1766 | Sewer    | 1766 ||| INVOKING Spit Poison.
  1797 | Sewer    | 1797 ||| INVOKING Spit Poison.
  1804 | Sewer    | 1804 ||| INVOKING Spit Poison.
  1808 | Sewer    | 1808 ||| INVOKING Spit Poison.
  1812 | Sewer    | 1812 ||| INVOKING Spit Poison.
  1865 | Sewer    | 1865 ||| INVOKING Spit Poison.
  1869 | Sewer    | 1869 ||| INVOKING Spit Poison.
  1872 | Sewer    | Reached skill level 6 in Ranged Weapons
  1872 | Sewer    | Reached XP level 6. HP: 38/56 MP: 6/6
  1875 | Sewer    | 1875 ||| INVOKING Spit Poison.
  1877 | Sewer    | HP: 13/56 [bullfrog (7)]
  1878 | Sewer    | 1878 ||| READING scroll of teleportation.
  1879 | Sewer    | 1879 ||| DRINKING 6 potions of heal wounds.
  1880 | Sewer    | 1880 ||| INVOKING Spit Poison.
  1907 | Sewer    | 1907 ||| INVOKING Spit Poison.
  1911 | Sewer    | 1911 ||| INVOKING Spit Poison.
  1925 | Sewer    | 1925 ||| INVOKING Spit Poison.
  2009 | Sewer    | 2009 ||| INVOKING Spit Poison.
  2029 | Sewer    | 2029 ||| READING scroll of enchant armour.
  2029 | Sewer    | 2029 ||| ENCHANTING +0 pair of gloves.
  2035 | Sewer    | 2035 ||| READING 4 scrolls labelled YSSUKY IBLIVYO.
  2036 | Sewer    | 2036 ||| DRINKING 2 grey potions.
  2037 | Sewer    | 2037 ||| DROPPING 3 scrolls of fog.
  2041 | D:3      | 2041 ||| PLANNING D:1-11
  2123 | D:3      | Found a runed translucent gate.
  2123 | D:3      | Found a runed translucent gate.
  2124 | D:3      | Found a runed translucent gate.
  2124 | D:3      | Noticed qw's ghost (amateur GrHu)
  2854 | D:3      | 2854 ||| Stepping randomly (stuck).
  2898 | D:4      | 2898 ||| PLANNING OSSUARY
  2898 | D:4      | 2898 ||| INVOKING Spit Poison.
  2905 | D:4      | 2905 ||| INVOKING Spit Poison.
  2923 | D:4      | 2923 ||| INVOKING Spit Poison.
  2929 | D:4      | 2929 ||| INVOKING Spit Poison.
  2933 | D:4      | 2933 ||| INVOKING Spit Poison.
  2933 | D:4      | HP: 13/57 [gnoll/+0 spear (4)]
  2934 | D:4      | 2934 ||| READING scroll of teleportation.
  2935 | D:4      | 2935 ||| DRINKING 5 potions of heal wounds.
  2938 | D:4      | 2938 ||| DRINKING 4 potions of heal wounds.
  2939 | D:4      | 2939 ||| INVOKING Spit Poison.
  2944 | D:4      | 2944 ||| INVOKING Spit Poison.
  2944 | D:4      | HP: 11/57 [ogre/+0 giant club (15)]
  2945 | D:4      | 2945 ||| DRINKING 3 potions of heal wounds.
  2946 | D:4      | Slain by an ogre

Levels and vault maps discovered:
D:1:      minmay_arrival_loop, layout_loops_ring,
          hellmonk_ecumenical_altar_heavens_door, minmay_distorted
D:2:      layout_rooms, serial_shops, shop_statue
D:3:      layout_loops_ring, gup_sewer_entry_bowl, ebering_ghost_rock_garden,
          chequers_jeans, wad_floor_pattern_untrapped, hangedman_decor_push
D:4:      layout_rooms, lemuel_temple_firewalk_a, gup_ossuary_entry_pyramid,
          uniq_duvessa

Skill      XL: |  1  2  3  4  5  6 |
---------------+-------------------+-----
Ranged Weapons | 4 5 6 |  6.1
Fighting       | 3 4 |  4.1
Dodging        | |  1.5
Stealth        | |  1.5

Action                     |  1- 3 |  4- 6 || total
---------------------------+-------+-------++-------
   Fire: Shortbow          |    70 |   122 ||   192
Ability: Spit Poison       |    27 |    33 ||    60
    Use: Scroll            |     8 |     4 ||    12
         Potion            |     4 |     5 ||     9
 Armour: Leather armour    |     6 |    35 ||    41
  Dodge: Dodged            |    12 |    73 ||    85
  Block: Other             |       |    33 ||    33

Table legend:
 A = Non-vault XP
 B = Vault XP
 C = Vault XP percentage of total XP
 D = Non-vault monster count
 E = Vault monster count
 F = Vault count percentage of total count
                 A         B        C        D         E       F
            +---------+---------+-------+---------+---------+-------
      Total |     131 |     371 |  73.9 |      36 |      52 |  59.1
            +---------+---------+-------+---------+---------+-------
        D:1 |      16 |       2 |  11.1 |      11 |       1 |   8.3
        D:2 |      52 |       0 |   0.0 |      14 |       0 |   0.0
        D:3 |       9 |       2 |  18.2 |       7 |       2 |  22.2
        D:4 |      54 |       0 |   0.0 |       4 |       0 |   0.0
      Sewer |       0 |     367 | 100.0 |       0 |      49 | 100.0
            +---------+---------+-------+---------+---------+-------
